 Dungeon Crawl Stone Soup version 0.27.1-1-g398f81649c (webtiles) character file.

Game seed: 3668214585765097873

8376 VictoriousLee the Carver (level 11, -5/68 HPs)
             Began as a Barachi Summoner on Sept 6, 2021.
             Was a Priest of Cheibriados.
             Killed from afar by an ice statue (17 damage)
             ... with a shard of ice
             ... in an ice cave.
             The game lasted 01:12:16 (12180 turns).

VictoriousLee the Carver (Barachi Summoner)        Turns: 12180, Time: 01:12:16

Health: -5/68      AC: 11    Str: 23    XL:     11   Next: 29%
Magic:  14/16      EV: 10    Int: 23    God:    Cheibriados [***...]
Gold:   647        SH: 14    Dex: 26    Spells: 6/16 levels left

rFire    . . .     SeeInvis .   J - +5 long sword (elec)
rCold    + + +     Faith    .   P - +0 kite shield
rNeg     . . .     Spirit   .   h - +0 steam dragon scales
rPois    +         Reflect  +   y - +1 helmet
rElec    .         Harm     .   E - +1 cloak {rCorr}
rCorr    +         Rampage  .   C - +0 pair of gloves
Will     .....                  z - +0 pair of boots
Stlth    +++.......             R - amulet of reflection
HPRegen  0.21/turn              e - +6 ring of dexterity
MPRegen  0.15/turn              l - ring of the Pharaoh's Fist {rPois rC+++ Str+6 Int-3 Dex-2}

@: unable to hop, very slightly contaminated, invisible, very slow
A: amphibious, slowness 1, strong legs 1, +LOS
a: Hop, Renounce Religion, Bend Time, Temporal Distortion


You were in an ice cave.
You worshipped Cheibriados.
Cheibriados was most pleased with you.
You visited 3 branches of the dungeon, and saw 14 of its levels.
You also visited: Sewer and Ice Cave.

You collected 647 gold pieces.

Inventory:

Hand Weapons
 m - a +1 short sword of draining
 o - a +0 hand crossbow
 r - a +1 morningstar of draining
 s - a +0 rapier
 G - a +0 dagger of holy wrath
 J - a +5 long sword of electrocution (weapon)
 O - a +0 long sword
Missiles
 b - 2 curare-tipped darts
 c - 300 stones
 d - 5 boomerangs
 f - 5 javelins
 k - 6 atropa-tipped darts
 w - 32 poisoned darts
 M - 2 throwing nets
Armour
 a - a +0 robe
 h - +0 steam dragon scales (worn)
 v - a +0 scale mail
 y - a +1 helmet (worn)
 z - a +0 pair of boots (worn)
 A - a +1 robe of cold resistance
 C - a +0 pair of gloves (worn)
 E - a +1 cloak of preservation (worn)
 F - a +0 leather armour
 N - a +0 leather armour
 P - a +0 kite shield (worn)
 U - a +1 chain mail of cold resistance
Jewellery
 e - a +6 ring of dexterity (left hand)
 l - the ring of the Pharaoh's Fist (right hand) {rPois rC+++ Str+6 Int-3 Dex-2}
   (You acquired it on level 10 of the Dungeon)

   [ring of strength]

   Str:       It affects your strength (+6).
   Int:       It affects your intelligence (-3).
   Dex:       It affects your dexterity (-2).
   rC:        It renders you almost immune to cold.
   rPois:     It protects you from poison.
 p - a ring of flight
 u - a ring of ice
 R - an amulet of reflection (around neck)
 V - a ring of willpower
Wands
 t - a wand of flame (17)
 K - a wand of iceblast (11)
Scrolls
 i - 9 scrolls of teleportation
 j - a scroll of magic mapping
 q - 3 scrolls of enchant weapon
 D - a scroll of immolation
 T - a scroll of identify
Potions
 g - 2 potions of lignification
 n - 3 potions of attraction
 x - a potion of ambrosia
 B - 3 potions of mutation
 H - a potion of brilliance
 I - a potion of cancellation
 Q - a potion of flight
 S - 3 potions of curing


   Skills:
 + Level 11.0 Long Blades
 - Level 2.1 Dodging
 - Level 1.7 Stealth
 - Level 3.2 Spellcasting
 - Level 10.4 Summonings
 - Level 10.0 Air Magic
 - Level 7.0 Invocations


You had 6 spell levels left.
You knew the following spells:

 Your Spells              Type           Power      Damage    Failure   Level
a - Summon Lightning Spi  Summ/Air       50%        N/A       12%         4
b - Summon Small Mammal   Summ           100%       N/A       1%          1
c - Call Canine Familiar  Summ           51%        N/A       3%          3
s - Call Imp              Summ           51%        N/A       1%          2

Your spell library contained the following spells:

 Spells                   Type           Power      Damage    Failure   Level
 Summon Guardian Golem    Hex/Summ       27%        N/A       28%         3
 Beastly Appendage        Tmut           6%         N/A       63%         1
 Pain                     Necr           12%        1d4       63%         1
 Sublimation of Blood     Necr           1%         N/A       77%         2
 Wereblood                Tmut           3%         N/A       77%         2
 Gell's Gravitas          Tloc           1%         N/A       94%         3
 Inner Flame              Hex/Fire       3%         N/A       94%         3
 Lesser Beckoning         Tloc           1%         N/A       94%         3
 Portal Projectile        Hex/Tloc       6%         N/A       94%         3
 Spider Form              Tmut/Pois      1%         N/A       94%         3
 Teleport Other           Tloc           3%         N/A       94%         3
 Cause Fear               Hex            1%         N/A       100%        4
 Petrify                  Tmut/Erth      3%         N/A       100%        4
 Agony                    Necr           3%         N/A       100%        5
 Blade Hands              Tmut           1%         N/A       100%        5
 Excruciating Wounds      Necr           1%         N/A       100%        5
 Irradiate                Conj/Tmut      1%         3d14      100%        5
 Discord                  Hex            1%         N/A       100%        8


Dungeon Overview and Level Annotations

Branches:
Dungeon (10/15)            Temple (1/1) D:6            Lair (3/6) D:9
 Spider (0/4) Lair:3        Sewer (visited)           IceCv (1/1)
  Swamp: Lair:2-4    Shoals: Lair:2-4       Orc: D:9-12

Altars:
Ashenzari
Cheibriados
Dithmenos
Elyvilon
Fedhas
Gozag
Hepliaklqana
Kikubaaqudgha
Makhleb
Nemelex Xobeh
Okawaru
Qazlal
Ru
Sif Muna
Trog
Uskayaw
Vehumet
Wu Jian
Xom
Yredelemnul
Zin
The Shining One

Shops:
D:9 =

Annotations:
D:8 3 runed translucent doors, AttackTheMoon's ghost, novice DrIE; pkoi's ghost, novice TrGl IceCv 1 transporter, exclusion: 2 ice statues


Innate Abilities, Weirdness & Mutations

You are amphibious.
You cover ground slowly.
You can hop short distances.
You have an extended range of vision and can be seen from far away.


Message History

The ice statue is moderately damaged.
You resist.
* * * LOW HITPOINT WARNING * * *
You block the ice beast's attack.
You hit the ice statue but do no damage.
The ice statue is moderately damaged.
You resist.
* * * LOW HITPOINT WARNING * * *
You hit the ice statue but do no damage.
The ice statue is moderately damaged.
You resist.
* * * LOW HITPOINT WARNING * * *
The ice beast barely misses you.
You hit the ice statue but do no damage.
The ice statue is moderately damaged.
You catch the helpless ice statue completely off-guard!
You slash the ice statue!
The ice statue is heavily damaged.
You block the ice beast's attack. The ice statue gestures at you.
The ice beast hits you but does no damage.
You catch the helpless ice statue completely off-guard!
You hit the ice statue.
The ice statue is heavily damaged.
Your lightning spire disappears in a puff of smoke!
You block the ice beast's attack.
The ice statue gestures.
You block the ice beast's attack. x2
You hit the ice statue.
The ice statue is heavily damaged.
The ice statue gestures.
The ice beast hits you.
* * * LOW HITPOINT WARNING * * *
The ice beast freezes you. You resist.
* * * LOW HITPOINT WARNING * * *
The ice statue gestures at you.
The shard of ice misses the ice beast.
The ice statue gestures at you. The shard of ice hits you!
You partially resist.
You die...

##....[......##
#.....©.(...#
##...8©8...##
###########
##8..©..8##
*#8..Y....8##
*#8....○○.Y○8##
#.....(°○.°Y..#
#∩..8.:)○Y8@.©#
###############


You could see 2 ice statues and 4 ice beasts.

Vanquished Creatures
  Josephine (D:10)
  A two-headed ogre (D:9)
  An ugly thing (IceCv)
  Psyche (D:9)
  An unseen horror (D:9)
  A troll (D:7)
  A wraith (D:10)
  A yak (D:10)
  A wyvern (D:9)
  2 death yak simulacra
  A harpy simulacrum (IceCv)
  2 water moccasins (D:5)
  A black bear (D:4)
  2 orc warriors (D:9)
  3 wolves (Lair:3)
  4 kobold brigands
  A gnoll sergeant (D:9)
  A bullfrog (D:7)
  A cane toad simulacrum (IceCv)
  A wight (D:9)
  An elephant simulacrum (Lair:2)
  A howler monkey (D:6)
  3 centaur zombies
  A bullfrog skeleton (D:4)
  3 hounds
  Crazy Yiuf (D:7)
  3 iguanas
  2 wolf simulacra (Lair:2)
  A polar bear simulacrum (Lair:2)
  A howler monkey zombie (D:9)
  3 gnolls
  4 adders
  A shadow imp (D:6)
  2 ufetubi (D:6)
  A worm (D:4)
  A dart slug (D:4)
  6 orcs
  5 endoplasms
  A giant cockroach (D:3)
  A hobgoblin (D:4)
  9 kobolds
  3 quokkas
  4 ball pythons
  6 bats
  3 frilled lizards
  4 goblins
  4 rats
103 creatures vanquished.

Vanquished Creatures (collateral kills)
  Fannar (Lair:2)
  3 two-headed ogres
  An ugly thing (D:9)
  A freezing wraith (IceCv)
  A troll (D:10)
  A hornet (D:7)
  Sigmund (D:5)
  A shadow (D:9)
  4 wraiths (D:10)
  4 yaks
  A steam dragon (D:8)
  Menkaure (D:5)
  2 water moccasins
  An orc warrior (D:10)
  4 ice beasts
  4 ogres
  A centaur (D:9)
  A kobold brigand (Sewer)
  A gnoll sergeant (D:8)
  A bullfrog (Lair:3)
  A scorpion (D:7)
  7 killer bees
  6 wights (D:8)
  2 howler monkeys (D:9)
  A hound (D:5)
  A jelly (D:8)
  An orc priest (D:9)
  An iguana (D:5)
  3 orc wizards
  A killer bee zombie (D:7)
  9 gnolls
  7 adders
  A white imp (D:3)
  A worm (D:2)
  A dart slug (D:4)
  2 orcs
  5 ball pythons
  4 endoplasms
  6 giant cockroaches
  A goblin (D:2)
  2 hobgoblins
  15 kobolds
  2 quokkas
  2 bats (D:1)
  2 rats
119 creatures vanquished.

Vanquished Creatures (others)
  2 fungi
  6 plants
  5 withered plants (D:8)
13 creatures vanquished.

Grand Total: 235 creatures vanquished

Notes
Turn   | Place    | Note
-------+----------+-------------------------------------------
     0 | D:1      | VictoriousLee the Barachi Summoner began the quest for the
                  | Orb.
     0 | D:1      | Reached XP level 1. HP: 13/13 MP: 3/3
    38 | D:1      | Reached skill level 5 in Summonings
   760 | D:1      | Reached XP level 2. HP: 11/19 MP: 1/5
   763 | D:1      | Learned a level 2 spell: Call Imp
  1390 | D:2      | Reached XP level 3. HP: 18/24 MP: 2/6
  1404 | D:2      | Learned a level 3 spell: Call Canine Familiar
  1525 | D:2      | Found a faded altar of an unknown god.
  2032 | D:3      | Reached XP level 4. HP: 19/30 MP: 7/7
  2171 | D:3      | Found a white marble altar of Elyvilon.
  2658 | D:4      | Reached XP level 5. HP: 26/35 MP: 7/9
  2878 | D:4      | Learned a level 4 spell: Summon Lightning Spire
  2933 | D:4      | Noticed a black bear
  2940 | D:4      | Killed a black bear
  2941 | D:4      | Reached XP level 6. HP: 31/41 MP: 6/10
  3479 | D:5      | Entered Level 5 of the Dungeon
  3479 | D:5      | Noticed Menkaure
  3479 | D:5      | Noticed an ice beast
  3494 | D:5      | Noticed Sigmund
  3735 | D:5      | Found a glowing drain.
  3739 | Sewer    | Entered a sewer
  4211 | Sewer    | Reached skill level 5 in Air Magic
  4211 | Sewer    | Reached XP level 7. HP: 38/46 MP: 4/11
  4661 | D:5      | Found an iron altar of Okawaru.
  4825 | D:5      | Killed Sigmund
  4877 | D:5      | Reached XP level 8. HP: 41/52 MP: 6/12
  4984 | D:5      | Killed Menkaure
  5533 | D:6      | Found a staircase to the Ecumenical Temple.
  5550 | Temple   | Entered the Ecumenical Temple
  5663 | Temple   | Became a worshipper of Cheibriados the Contemplative
  6073 | D:6      | Found a shimmering blue altar of Sif Muna.
  6391 | D:7      | Found a stormy altar of Qazlal.
  6391 | D:7      | Noticed a troll
  6410 | D:7      | Killed a troll
  6836 | D:7      | Found a runed translucent door.
  6837 | D:7      | Noticed Crazy Yiuf
  6864 | D:7      | Killed Crazy Yiuf
  7197 | D:7      | Noticed a hornet
  7199 | D:7      | Killed a hornet
  7199 | D:7      | Reached * piety under Cheibriados
  7200 | D:7      | Reached XP level 9. HP: 42/57 MP: 8/13
  7341 | D:7      | Found a bloodstained altar of Trog.
  7778 | D:8      | Reached skill level 10 in Summonings
  8422 | D:8      | Reached ** piety under Cheibriados
  8571 | D:8      | Reached skill level 10 in Air Magic
  8617 | D:8      | Found a runed translucent gate.
  8617 | D:8      | Found a runed translucent gate.
  8617 | D:8      | Found a runed translucent gate.
  8617 | D:8      | Noticed pkoi's ghost (novice TrGl)
  8618 | D:8      | Noticed AttackTheMoon's ghost (novice DrIE)
  8727 | D:9      | Found a staircase to the Lair.
  8822 | D:9      | Noticed Psyche
  8826 | D:9      | Killed Psyche
  8827 | D:9      | Reached skill level 3 in Long Blades
  8870 | D:9      | Found Onagavog's Jewellery Shop.
  8927 | D:9      | Noticed a purple ugly thing
  8929 | D:9      | Noticed a two-headed ogre
  8943 | D:9      | HP: 1/57 [two-headed ogre (16)]
  8943 | D:9      | Killed a two-headed ogre
  8944 | D:9      | Reached skill level 6 in Long Blades
  9302 | D:9      | Killed a purple ugly thing
  9303 | D:9      | Reached skill level 7 in Long Blades
  9303 | D:9      | Reached XP level 10. HP: 25/63 MP: 7/14
  9310 | D:9      | HP: 3/63 [gnoll sergeant (9)]
  9327 | D:9      | Killed an unseen horror
  9328 | D:9      | Reached skill level 8 in Long Blades
  9340 | D:9      | Reached skill level 9 in Long Blades
  9627 | D:9      | Reached *** piety under Cheibriados
  9865 | D:9      | Found a shadowy altar of Dithmenos.
 10070 | D:9      | Noticed a two-headed ogre
 10081 | D:9      | Killed a two-headed ogre
 10082 | D:9      | Reached skill level 1 in Invocations
 10511 | D:9      | Found a glowing silver altar of Zin.
 10578 | D:10     | Entered Level 10 of the Dungeon
 10813 | D:10     | Reached skill level 10 in Long Blades
 11024 | D:10     | Noticed a two-headed ogre
 11027 | D:10     | Noticed a two-headed ogre
 11041 | D:10     | Killed a two-headed ogre
 11045 | D:10     | Killed a two-headed ogre
 11046 | D:10     | Reached skill level 5 in Invocations
 11046 | D:10     | Noticed Josephine
 11065 | D:10     | Killed Josephine
 11066 | D:10     | Reached XP level 11. HP: 27/68 MP: 6/15
 11400 | D:10     | Found a blossoming altar of Fedhas.
 11434 | D:10     | Found a hide-covered altar of Uskayaw.
 11485 | D:10     | Identified a scroll of acquirement
 11659 | Lair:1   | Entered Level 1 of the Lair of Beasts
 11669 | Lair:1   | You fall into a shaft and drop 1 floor!
 11684 | Lair:2   | Noticed Fannar
 11696 | Lair:2   | Killed Fannar
 11741 | Lair:2   | You fall into a shaft and drop 1 floor!
 11754 | Lair:3   | Reached **** piety under Cheibriados
 11763 | Lair:3   | Found a hole to the Spider Nest.
 11845 | Lair:2   | Found a frozen archway.
 11846 | Lair:2   | Acquired the ring of the Pharaoh's Fist {rPois rC+++ Str+6
                  | Int-3 Dex-2}
 11874 | IceCv    | Entered an ice cave
 11874 | IceCv    | Noticed a white ugly thing
 11874 | IceCv    | Found a transporter.
 11885 | IceCv    | Killed a white ugly thing
 11888 | IceCv    | Reached skill level 11 in Long Blades
 12125 | IceCv    | Found a transporter.
 12180 | IceCv    | Killed from afar by an ice statue

Illustrated notes

Levels and vault maps discovered:
D:1:      kennysheep_arrival_forest, layout_rooms
D:2:      layout_rooms, hellmonk_ecumenical_altar_lost_god
D:3:      layout_rooms, elyvilon_altar_3, minmay_circle_x
D:4:      minmay_razor_zed, layout_rooms, fountainhead
D:5:      layout_rooms, mainiacjoe_overflow_chevrons, gup_sewer_entry_bowl,
          uniq_sigmund, uniq_menkaure
D:6:      layout_loops_ring, led_sif_pool, minmay_temple_entry_grid
D:7:      layout_loops_ring, lemuel_doored_altar, grunt_qazlal_sundering,
          uniq_crazy_yiuf_cottage
D:8:      layout_basic, gammafunk_ghost_cemetery, hangedman_decor_opposing,
          hangedman_abyss_or_decor_stagger
D:9:      minmay_s_stair_smasher, layout_basic, mainiacjoe_overflow_alcove_4,
          grunt_dithmenos_shadows, lair_entry_dummy, serial_shops,
          nicolae_diamond_shop, hangedman_decor_lopped, uniq_psyche
D:10:     layout_loops_ring, kennysheep_little_box,
          mainiacjoe_overflow_boulevard, hex_medium, kennysheep_another_room,
          uniq_josephine
Temple:   nicolae_temple_god_jail
Lair:1:   layout_cave_pods, basic_altar, gammafunk_ghost_cemetery,
          chequers_serial_rivers_small_a
Lair:2:   layout_layer_cave, portal_ice_cave_entry_ice_simulacra, uniq_fannar
Lair:3:   nzn_winding_woodlands_stair_trap
          [nzn_winding_woodlands_5x15_sidewinder,
          nzn_winding_woodlands_5x15_pathside_ponds,
          nzn_winding_woodlands_5x15_sawtooth,
          nzn_winding_woodlands_15x15_boxy_spiral,
          nzn_winding_woodlands_5x15_river_crossing,
          nzn_winding_woodlands_5x15_garden, nzn_winding_woodlands_5x15_eye],
          layout_misc_corridors, dummy_spider_entry, special_room
          [special_room_bee], kennysheep_catoblepas_arena
IceCv:    ice_cave_statue_garden_transporter

Skill      XL: |  1  2  3  4  5  6  7  8  9 10 11 |
---------------+----------------------------------+-----
Summonings     | 5 6 7 9 10 | 10.4
Spellcasting   | 3 |  3.2
Air Magic      | 2 5 7 9 10 | 10.0
Long Blades    | 7 10 11 | 11.0
Invocations    | 6 7 |  7.0
Dodging        | |  2.1
Stealth        | |  1.7

Action                   |  1- 3 |  4- 6 |  7- 9 | 10-12 || total
-------------------------+-------+-------+-------+-------++-------
Melee: Short sword       |    87 |   130 |   119 |       ||   336
       Unarmed           |     4 |       |       |       ||     4
       Dagger            |       |       |    15 |       ||    15
       Long sword        |       |       |    17 |    95 ||   112
Throw: Dart              |       |       |       |     1 ||     1
 Cast: Summon Small Mamm |    20 |       |     3 |       ||    23
       Call Imp          |    10 |    12 |     5 |     5 ||    32
       Call Canine Famil |       |     6 |     9 |     8 ||    23
       Summon Lightning  |       |       |    33 |    19 ||    52
Invok: Slouch            |       |       |       |     1 ||     1
 Abil: Hop               |       |       |     4 |     5 ||     9
Evoke: Wand              |       |       |       |     7 ||     7
  Use: Scroll            |       |     6 |     4 |    19 ||    29
       Potion            |       |     1 |     1 |    11 ||    13
 Stab: Distracted        |       |     3 |     3 |     4 ||    10
       Sleeping          |       |     5 |     2 |       ||     7
       Invisible         |       |       |     1 |     2 ||     3
Armor: Robe              |    16 |    46 |    39 |       ||   101
       Steam dragon scal |       |       |     9 |    41 ||    50
       Skin              |       |       |       |    16 ||    16
Dodge: Dodged            |    56 |    79 |   174 |    52 ||   361
Block: Other             |       |       |     2 |    11 ||    13
       Kite shield       |       |       |       |    49 ||    49
       Rpst.: Long sword |       |       |     9 |     9 ||    18
